Connexion

Wolf Pack vs IceHogs

Created - 19 septembre 2023 at 07:27

Goals
1 2 3 T
Wolf Pack 2 0 1 3
IceHogs 2 2 1 5
Shots
1 2 3 T
Wolf Pack 10 14 11 35
IceHogs 10 11 15 36

GoalsPenalties
1st period
1. IceHogs , Cedric Paquette 6 (Brandon Hickey 6, Danny O'Regan 8) at 8:28 (PP)
2. Wolf Pack , Vasili Podkolzin 2 (Daniel Walcott 13, Seth Helgeson 6) at 9:37
3. IceHogs , Charles Hudon 9 (Erik Cernak 10, William Carrier 6) at 13:16
4. Wolf Pack , Emile Poirier 6 (Ben Holmstrom 9) at 16:14
Shane Bowers (HAR) for High sticking (Minor) at 7:47
2nd period
5. IceHogs , Andrew Sturtz 6 (Jack Dougherty 3) at 3:28
6. IceHogs , Charles Hudon 10 (William Carrier 7, Riley Sheahan 9) at 7:32
William Carrier (RCK) for Roughing (Minor) at 5:19
Jeremy Bracco (HAR) for Diving (Minor) at 12:14
3rd period
7. Wolf Pack , Joe Thornton 10 (Cole Bardreau 12, Jeremy Bracco 11) at 11:32
8. IceHogs , Erik Cernak 4 (Brandon Hickey 7, Danny O'Regan 9) at 19:48 (Empty Net)
Erik Cernak (RCK) for Fighting (Major) at 5:07
Seth Helgeson (HAR) for Fighting (Major) at 5:07
Brad Richardson (HAR) for Tripping (Minor) at 6:10
Goalie Stats
Landon Bow (HAR), 9 saves from 13 shots - (0,692), L, 0-3-1, 27:32 minutes
Dillon Kelley (HAR), 22 saves from 22 shots - (1,000), 31:42 minutes
Christopher Gibson (RCK), 32 saves from 35 shots - (0,914), W, 10-3-1, 60:00 minutes
3 StarsOfficial
1 - Charles Hudon (RCK)
2 - Cedric Paquette (RCK)
3 - Brandon Hickey (RCK)
Referees : Dean Morton and Dennis LaRue
Linesman : Andy McElman and Brian Mach
Game Note
Dillon Kelley enters game at 7:32 of 2nd period
Cameron Gaunce is injured at 12:01 of 2nd period (Torso)
Erik Cernak and Seth Helgeson fight to a draw at 5:07 of 3rd period
Erik Cernak has scored in a empty net!
Finance
Level 1 -- Attendance: 2000 (100,00%) -- Ticket Income 70 000 $
Level 2 -- Attendance: 917 (91,70%) -- Ticket Income 13 755 $
Total Attendance: 2917 (97,23%)
Total Ticket Income: 83 755 $
Other Income: 16 751 $
Total Income: 100 506 $



Team Name Goals Shots Shots Attemp Shots Blocked PIM HIT PP PK FO%
Wolf Pack 335651111240 / 1 (0%)148%
IceHogs 53671127221 / 3 (33%)052%

Wolf Pack
Player Name POS G A P +/- PIM HIT SHT SB MP PP MP PP SHT PK MP PK SHT FO% FOT
Ben HolmstromC/RW0110015018:041:1500:00042% 19
Brad RichardsonC/LW/RW0000212018:480:4410:51050% 2
Cole BardreauC/RW011-1032014:230:0000:59050% 2
Daniel WalcottD0111010021:301:1502:4100% 0
Emile PoirierLW/RW1010054118:041:1510:0000% 0
Jeremy BraccoLW/RW011-1205013:230:0000:0000% 0
Joe ThorntonC101-1003013:240:0000:00072% 18
Luke WitkowskiRW0000063019:421:1501:3800% 4
Matt DonovanD000-1012325:110:4411:5800% 0
Michael KaplaD000-1010214:090:0000:0000% 0
Nick LappinC/RW000001005:550:0000:00013% 8
Santerri SaariD000-1000114:250:0001:0600% 0
Seth HelgesonD0111510119:331:1501:3500% 0
Shane BowersC/RW000021105:540:0000:0000% 0
Ty RonningRW000000000:000:0000:0000% 0
Tyler WotherspoonD000-1010125:110:4401:5800% 0
Vasili PodkolzinRW1010014126:420:4412:49070% 10
Zac Dalpe C/LW/RW0000004120:590:4413:01045% 31
IceHogs
Player Name POS G A P +/- PIM HIT SHT SB MP PP MP PP SHT PK MP PK SHT FO% FOT
Andrew SturtzRW1011017014:200:0000:0000% 3
Brandon GignacC000100000:320:0000:000100% 1
Brandon HickeyD0221023125:542:0120:5100% 0
Brendan GaunceC/LW0001004014:200:0000:00045% 20
Cameron Gaunce D000-1010211:410:2901:0800% 0
Cedric PaquetteC/LW1010052020:442:3820:5100% 0
Charles HudonLW/RW2020024019:042:0100:14050% 2
Colton SceviourC/LW/RW0001022015:210:0001:010100% 3
Danny O'ReganC/RW0220011120:532:3801:00050% 2
Dennis CholowskiD000-1000522:322:3801:0800% 0
Erik CernakD1120553024:241:2010:5100% 0
Jack DoughertyD0112000116:261:1800:0000% 0
Jean-Sébastien DeaC/RW000-1011025:112:3800:52050% 26
Mark AltD0002002218:231:3210:0000% 0
Mikhail VorobyovC000-100005:370:0000:00043% 7
Riley SheahanC0110005018:502:0110:00060% 30
William CarrierLW/RW0220212018:492:0100:0000% 0
Zack O'BrienC/RW000001004:580:0000:0000% 0



Play-by-Play

1st period


0:01 of 1st period - Jean-Sébastien Dea wins face-off versus Zac Dalpe in neutral zone.
0:59 of 1st period - Icing by Tyler Wotherspoon.
1:00 of 1st period - Zac Dalpe wins face-off versus Brendan Gaunce in Wolf Pack zone.
1:37 of 1st period - Shot by Ben Holmstrom.
1:37 of 1st period - Stopped by Christopher Gibson without a rebound.
1:38 of 1st period - Joe Thornton wins face-off versus Riley Sheahan in IceHogs zone.
1:41 of 1st period - Shot by Joe Thornton.
1:41 of 1st period - Shot Misses the Net.
1:43 of 1st period - Shot by Santerri Saari.
1:43 of 1st period - Shot Misses the Net.
1:49 of 1st period - Shot by Joe Thornton.
1:49 of 1st period - Shot Blocked by Dennis Cholowski.
1:51 of 1st period - Shot by Santerri Saari.
1:51 of 1st period - Shot Blocked by Dennis Cholowski.
1:53 of 1st period - Shot by Michael Kapla.
1:53 of 1st period - Shot Blocked by Dennis Cholowski.
1:55 of 1st period - Shot by Jeremy Bracco.
1:55 of 1st period - Shot Misses the Net.
1:57 of 1st period - Shot by Cole Bardreau.
1:57 of 1st period - Deflect By Jeremy Bracco.
1:57 of 1st period - Stopped by Christopher Gibson without a rebound.
1:58 of 1st period - Ben Holmstrom wins face-off versus Mikhail Vorobyov in IceHogs zone.
2:19 of 1st period - Shot by Ben Holmstrom.
2:19 of 1st period - Shot Misses the Net.
2:55 of 1st period - Icing by Dennis Cholowski.
2:56 of 1st period - Charles Hudon wins face-off versus Nick Lappin in IceHogs zone.
3:15 of 1st period - Shot by Shane Bowers.
3:15 of 1st period - Stopped by Christopher Gibson without a rebound.
3:16 of 1st period - Joe Thornton wins face-off versus Brendan Gaunce in IceHogs zone.
3:50 of 1st period - Shot by Colton Sceviour.
3:50 of 1st period - Shot Misses the Net.
3:52 of 1st period - Shot by Brendan Gaunce.
3:52 of 1st period - Stopped by Landon Bow with a rebound.
3:54 of 1st period - Shot by Brendan Gaunce.
3:54 of 1st period - Shot Blocked by Michael Kapla.
3:56 of 1st period - Shot by Jack Dougherty.
3:56 of 1st period - Shot Blocked by Santerri Saari.
4:15 of 1st period - Icing by Matt Donovan.
4:16 of 1st period - Zac Dalpe wins face-off versus Riley Sheahan in Wolf Pack zone.
4:16 of 1st period - Zac Dalpe is hit by Charles Hudon.
4:36 of 1st period - Icing by Brad Richardson.
4:37 of 1st period - Jean-Sébastien Dea wins face-off versus Zac Dalpe in Wolf Pack zone.
4:46 of 1st period - Shot by Matt Donovan.
4:46 of 1st period - Shot Misses the Net.
6:06 of 1st period - Shot by Jeremy Bracco.
6:06 of 1st period - Stopped by Christopher Gibson with a rebound.
6:48 of 1st period - Brendan Gaunce is hit by Nick Lappin.
6:49 of 1st period - Icing by Brendan Gaunce.
6:50 of 1st period - Brendan Gaunce wins face-off versus Zac Dalpe in IceHogs zone.
6:55 of 1st period - Shot by Andrew Sturtz.
6:55 of 1st period - Stopped by Landon Bow without a rebound.
6:56 of 1st period - Brad Richardson wins face-off versus Jean-Sébastien Dea in Wolf Pack zone.
7:04 of 1st period - Icing by Erik Cernak.
7:05 of 1st period - Jean-Sébastien Dea wins face-off versus Nick Lappin in IceHogs zone.
7:42 of 1st period - Shot by Shane Bowers.
7:42 of 1st period - Shot Misses the Net.
7:47 of 1st period - Minor Penalty to Shane Bowers for High sticking.
7:48 of 1st period - Vasili Podkolzin wins face-off versus Riley Sheahan in Wolf Pack zone.
7:56 of 1st period - Icing by Riley Sheahan.
7:57 of 1st period - Riley Sheahan wins face-off versus Vasili Podkolzin in IceHogs zone.
8:12 of 1st period - Shot by William Carrier.
8:12 of 1st period - Shot Misses the Net.
8:14 of 1st period - Shot by William Carrier.
8:14 of 1st period - Shot Misses the Net.
8:16 of 1st period - Shot by Riley Sheahan.
8:16 of 1st period - Stopped by Landon Bow without a rebound.
8:17 of 1st period - Vasili Podkolzin wins face-off versus Jean-Sébastien Dea in Wolf Pack zone.
8:22 of 1st period - Shot by Brandon Hickey.
8:22 of 1st period - Stopped by Landon Bow without a rebound.
8:23 of 1st period - Jean-Sébastien Dea wins face-off versus Vasili Podkolzin in Wolf Pack zone.
8:28 of 1st period - Shot by Cedric Paquette.
8:28 of 1st period - Goal by Cedric Paquette - Wolf Pack : 0 - IceHogs : 1.
8:29 of 1st period - Ben Holmstrom wins face-off versus Riley Sheahan in neutral zone.
8:45 of 1st period - Luke Witkowski is hit by Brandon Hickey and loses puck.
9:04 of 1st period - Shot by Luke Witkowski.
9:04 of 1st period - Shot Misses the Net.
9:06 of 1st period - Shot by Luke Witkowski.
9:06 of 1st period - Stopped by Christopher Gibson with a rebound.
9:08 of 1st period - Shot by Tyler Wotherspoon.
9:08 of 1st period - Shot Blocked by Brandon Hickey.
9:35 of 1st period - Shot by Vasili Podkolzin.
9:35 of 1st period - Shot Misses the Net.
9:37 of 1st period - Shot by Vasili Podkolzin.
9:37 of 1st period - Goal by Vasili Podkolzin - Wolf Pack : 1 - IceHogs : 1.
9:38 of 1st period - Joe Thornton wins face-off versus Andrew Sturtz in neutral zone.
10:05 of 1st period - Shot by Andrew Sturtz.
10:05 of 1st period - Stopped by Landon Bow without a rebound.
10:06 of 1st period - Danny O'Regan wins face-off versus Zac Dalpe in Wolf Pack zone.
10:17 of 1st period - Shot by Zac Dalpe .
10:17 of 1st period - Shot Misses the Net.
10:19 of 1st period - Shot by Vasili Podkolzin.
10:19 of 1st period - Shot Blocked by Cameron Gaunce .
10:40 of 1st period - Icing by Jean-Sébastien Dea.
10:41 of 1st period - Jean-Sébastien Dea wins face-off versus Ben Holmstrom in IceHogs zone.
10:41 of 1st period - Jean-Sébastien Dea is hit by Luke Witkowski.
10:59 of 1st period - Shot by Luke Witkowski.
10:59 of 1st period - Deflect By Ben Holmstrom.
10:59 of 1st period - Stopped by Christopher Gibson with a rebound.
11:01 of 1st period - Shot by Luke Witkowski.
11:01 of 1st period - Shot Misses the Net.
11:15 of 1st period - Tyler Wotherspoon is hit by Cedric Paquette and loses puck.
11:29 of 1st period - Icing by Cedric Paquette.
11:30 of 1st period - Jean-Sébastien Dea wins face-off versus Zac Dalpe in IceHogs zone.
11:42 of 1st period - Off-side.
11:43 of 1st period - Riley Sheahan wins face-off versus Joe Thornton in neutral zone.
12:12 of 1st period - Shot by Joe Thornton.
12:12 of 1st period - Stopped by Christopher Gibson without a rebound.
12:13 of 1st period - Zac Dalpe wins face-off versus Brendan Gaunce in IceHogs zone.
12:32 of 1st period - Matt Donovan is hit by Andrew Sturtz and loses puck.
12:43 of 1st period - Shot by Brendan Gaunce.
12:43 of 1st period - Stopped by Landon Bow without a rebound.
12:44 of 1st period - Riley Sheahan wins face-off versus Luke Witkowski in Wolf Pack zone.
13:10 of 1st period - Shot by William Carrier.
13:10 of 1st period - Shot Blocked by Michael Kapla.
13:12 of 1st period - Shot by Erik Cernak.
13:12 of 1st period - Shot Misses the Net.
13:14 of 1st period - Shot by Erik Cernak.
13:14 of 1st period - Stopped by Landon Bow with a rebound.
13:16 of 1st period - Shot by Charles Hudon.
13:16 of 1st period - Goal by Charles Hudon - Wolf Pack : 1 - IceHogs : 2.
13:17 of 1st period - Zac Dalpe wins face-off versus Jean-Sébastien Dea in neutral zone.
13:40 of 1st period - Shot by Brad Richardson.
13:40 of 1st period - Shot Blocked by Danny O'Regan.
14:07 of 1st period - Off-side.
14:08 of 1st period - Riley Sheahan wins face-off versus Ben Holmstrom in neutral zone.
14:11 of 1st period - Seth Helgeson is hit by Charles Hudon and loses puck.
14:36 of 1st period - Off-side.
14:37 of 1st period - Joe Thornton wins face-off versus Brendan Gaunce in neutral zone.
14:57 of 1st period - Off-side.
14:58 of 1st period - Mikhail Vorobyov wins face-off versus Nick Lappin in neutral zone.
15:03 of 1st period - Shot by Jean-Sébastien Dea.
15:03 of 1st period - Shot Hit the Post.
16:14 of 1st period - Shot by Emile Poirier.
16:14 of 1st period - Goal by Emile Poirier - Wolf Pack : 2 - IceHogs : 2.
16:15 of 1st period - Joe Thornton wins face-off versus Andrew Sturtz in neutral zone.
17:14 of 1st period - Off-side.
17:15 of 1st period - Riley Sheahan wins face-off versus Zac Dalpe in neutral zone.
17:22 of 1st period - Off-side.
17:23 of 1st period - Jean-Sébastien Dea wins face-off versus Luke Witkowski in neutral zone.
17:41 of 1st period - Icing by Matt Donovan.
17:42 of 1st period - Riley Sheahan wins face-off versus Luke Witkowski in Wolf Pack zone.
18:01 of 1st period - Shot by Emile Poirier.
18:01 of 1st period - Stopped by Christopher Gibson without a rebound.
18:02 of 1st period - Jean-Sébastien Dea wins face-off versus Zac Dalpe in IceHogs zone.
18:06 of 1st period - Off-side.
18:07 of 1st period - Zac Dalpe wins face-off versus Jean-Sébastien Dea in neutral zone.
18:15 of 1st period - Vasili Podkolzin is hit by Erik Cernak and loses puck.
18:34 of 1st period - Daniel Walcott is hit by Erik Cernak and loses puck.
18:42 of 1st period - Icing by Jean-Sébastien Dea.
18:43 of 1st period - Ben Holmstrom wins face-off versus Jean-Sébastien Dea in IceHogs zone.
18:44 of 1st period - Shot by Luke Witkowski.
18:44 of 1st period - Shot Misses the Net.
19:27 of 1st period - Shot by Charles Hudon.
19:27 of 1st period - Shot Misses the Net.
19:29 of 1st period - Shot by Riley Sheahan.
19:29 of 1st period - Stopped by Landon Bow without a rebound.
19:30 of 1st period - Brendan Gaunce wins face-off versus Zac Dalpe in Wolf Pack zone.
19:30 of 1st period - Brendan Gaunce is hit by Daniel Walcott.
Goals for this period are 2 for Wolf Pack vs 2 for IceHogs.
Shots for this period are 10 for Wolf Pack vs 10 for IceHogs.

2nd period


0:01 of 2nd period - Zac Dalpe wins face-off versus Jean-Sébastien Dea in neutral zone.
0:01 of 2nd period - Vasili Podkolzin is hit by Cedric Paquette and loses puck.
0:27 of 2nd period - Vasili Podkolzin is hit by Brandon Hickey.
0:38 of 2nd period - Brandon Hickey is hit by Matt Donovan and loses puck.
0:44 of 2nd period - Vasili Podkolzin is hit by Erik Cernak and loses puck.
0:55 of 2nd period - Erik Cernak is hit by Cole Bardreau and loses puck.
1:09 of 2nd period - Joe Thornton is hit by Erik Cernak and loses puck.
1:40 of 2nd period - Erik Cernak is hit by Emile Poirier and loses puck.
2:03 of 2nd period - Shot by Ben Holmstrom.
2:03 of 2nd period - Stopped by Christopher Gibson without a rebound.
2:04 of 2nd period - Riley Sheahan wins face-off versus Nick Lappin in IceHogs zone.
2:27 of 2nd period - Shot by Shane Bowers.
2:27 of 2nd period - Shot Blocked by Dennis Cholowski.
2:51 of 2nd period - Shot by Emile Poirier.
2:51 of 2nd period - Stopped by Christopher Gibson without a rebound.
2:52 of 2nd period - Joe Thornton wins face-off versus Brendan Gaunce in IceHogs zone.
2:55 of 2nd period - Shot by Cole Bardreau.
2:55 of 2nd period - Stopped by Christopher Gibson without a rebound.
2:56 of 2nd period - Brendan Gaunce wins face-off versus Joe Thornton in IceHogs zone.
3:12 of 2nd period - Icing by Daniel Walcott.
3:13 of 2nd period - Joe Thornton wins face-off versus Andrew Sturtz in Wolf Pack zone.
3:28 of 2nd period - Shot by Andrew Sturtz.
3:28 of 2nd period - Goal by Andrew Sturtz - Wolf Pack : 2 - IceHogs : 3.
3:29 of 2nd period - Zac Dalpe wins face-off versus Riley Sheahan in neutral zone.
3:42 of 2nd period - Shot by Zac Dalpe .
3:42 of 2nd period - Shot Misses the Net.
3:44 of 2nd period - Shot by Vasili Podkolzin.
3:44 of 2nd period - Deflect By Zac Dalpe .
3:44 of 2nd period - Shot Misses the Net.
3:46 of 2nd period - Shot by Brad Richardson.
3:46 of 2nd period - Stopped by Christopher Gibson without a rebound.
3:47 of 2nd period - Brendan Gaunce wins face-off versus Ben Holmstrom in IceHogs zone.
4:23 of 2nd period - Shot by Brendan Gaunce.
4:23 of 2nd period - Stopped by Landon Bow without a rebound.
4:24 of 2nd period - Jean-Sébastien Dea wins face-off versus Zac Dalpe in Wolf Pack zone.
4:37 of 2nd period - Brad Richardson is hit by Cedric Paquette and loses puck.
4:48 of 2nd period - Shot by Jean-Sébastien Dea.
4:48 of 2nd period - Shot Misses the Net.
5:19 of 2nd period - Minor Penalty to William Carrier for Roughing.
5:20 of 2nd period - Colton Sceviour wins face-off versus Luke Witkowski in IceHogs zone.
5:55 of 2nd period - Shot by Emile Poirier.
5:55 of 2nd period - Stopped by Christopher Gibson without a rebound.
5:56 of 2nd period - Colton Sceviour wins face-off versus Zac Dalpe in IceHogs zone.
6:13 of 2nd period - Shot by Brad Richardson.
6:13 of 2nd period - Stopped by Christopher Gibson without a rebound.
6:14 of 2nd period - Jean-Sébastien Dea wins face-off versus Ben Holmstrom in IceHogs zone.
6:14 of 2nd period - Jean-Sébastien Dea is hit by Ben Holmstrom.
6:31 of 2nd period - Ben Holmstrom is hit by Danny O'Regan and loses puck.
7:02 of 2nd period - Shot by Vasili Podkolzin.
7:02 of 2nd period - Shot Misses the Net.
7:04 of 2nd period - Shot by Vasili Podkolzin.
7:04 of 2nd period - Stopped by Christopher Gibson with a rebound.
7:06 of 2nd period - Shot by Zac Dalpe .
7:06 of 2nd period - Stopped by Christopher Gibson with a rebound.
7:11 of 2nd period - Shot by Matt Donovan.
7:11 of 2nd period - Stopped by Christopher Gibson without a rebound.
7:12 of 2nd period - Jean-Sébastien Dea wins face-off versus Zac Dalpe in IceHogs zone.
7:32 of 2nd period - Shot by Charles Hudon.
7:32 of 2nd period - Goal by Charles Hudon - Wolf Pack : 2 - IceHogs : 4.
7:32 of 2nd period - Dillon Kelley enters game.
7:33 of 2nd period - Nick Lappin wins face-off versus Brendan Gaunce in neutral zone.
7:33 of 2nd period - Santerri Saari is hit by Colton Sceviour and loses puck.
8:26 of 2nd period - Icing by Cameron Gaunce .
8:27 of 2nd period - Colton Sceviour wins face-off versus Ben Holmstrom in IceHogs zone.
8:27 of 2nd period - Colton Sceviour is hit by Emile Poirier.
8:40 of 2nd period - Ben Holmstrom is hit by Cameron Gaunce and loses puck.
8:50 of 2nd period - Dennis Cholowski is hit by Tyler Wotherspoon and loses puck.
9:38 of 2nd period - Icing by Brandon Hickey.
9:39 of 2nd period - Zac Dalpe wins face-off versus Jean-Sébastien Dea in IceHogs zone.
9:53 of 2nd period - Icing by Michael Kapla.
9:54 of 2nd period - Riley Sheahan wins face-off versus Zac Dalpe in Wolf Pack zone.
10:06 of 2nd period - Off-side.
10:07 of 2nd period - Ben Holmstrom wins face-off versus Riley Sheahan in neutral zone.
10:18 of 2nd period - Shot by Ben Holmstrom.
10:18 of 2nd period - Stopped by Christopher Gibson with a rebound.
10:20 of 2nd period - Shot by Matt Donovan.
10:20 of 2nd period - Stopped by Christopher Gibson without a rebound.
10:21 of 2nd period - Zac Dalpe wins face-off versus Mikhail Vorobyov in IceHogs zone.
10:47 of 2nd period - Brad Richardson is hit by Zack O'Brien and loses puck.
11:46 of 2nd period - Charles Hudon is hit by Emile Poirier and loses puck.
12:01 of 2nd period - Shot by Jeremy Bracco.
12:01 of 2nd period - Shot Blocked by Cameron Gaunce .
12:01 of 2nd period - Cameron Gaunce from IceHogs is injured at 12:01 of 2nd period (Torso).
12:02 of 2nd period - Joe Thornton wins face-off versus Brendan Gaunce in IceHogs zone.
12:11 of 2nd period - Shot by Cole Bardreau.
12:11 of 2nd period - Shot Blocked by Jack Dougherty.
12:14 of 2nd period - Minor Penalty to Jeremy Bracco for Diving.
12:15 of 2nd period - Vasili Podkolzin wins face-off versus Jean-Sébastien Dea in Wolf Pack zone.
12:34 of 2nd period - Shot by Jean-Sébastien Dea.
12:34 of 2nd period - Shot Blocked by Seth Helgeson.
12:36 of 2nd period - Shot by Erik Cernak.
12:36 of 2nd period - Shot Blocked by Vasili Podkolzin.
12:48 of 2nd period - Shot by Erik Cernak.
12:48 of 2nd period - Stopped by Dillon Kelley with a rebound.
12:50 of 2nd period - Shot by Jean-Sébastien Dea.
12:50 of 2nd period - Shot Misses the Net.
12:52 of 2nd period - Shot by Brandon Hickey.
12:52 of 2nd period - Stopped by Dillon Kelley without a rebound.
12:53 of 2nd period - Riley Sheahan wins face-off versus Vasili Podkolzin in Wolf Pack zone.
12:54 of 2nd period - Shot by Dennis Cholowski.
12:54 of 2nd period - Shot Misses the Net.
12:56 of 2nd period - Shot by Dennis Cholowski.
12:56 of 2nd period - Shot Blocked by Zac Dalpe .
12:58 of 2nd period - Shot by Mark Alt.
12:58 of 2nd period - Stopped by Dillon Kelley without a rebound.
12:59 of 2nd period - Vasili Podkolzin wins face-off versus Riley Sheahan in Wolf Pack zone.
13:27 of 2nd period - Icing by Charles Hudon.
13:28 of 2nd period - Riley Sheahan wins face-off versus Brad Richardson in IceHogs zone.
13:28 of 2nd period - Riley Sheahan is hit by Luke Witkowski.
13:36 of 2nd period - Luke Witkowski is hit by William Carrier and loses puck.
14:07 of 2nd period - Shot by Cedric Paquette.
14:07 of 2nd period - Stopped by Dillon Kelley with a rebound.
14:33 of 2nd period - Off-side.
14:34 of 2nd period - Mikhail Vorobyov wins face-off versus Nick Lappin in neutral zone.
14:53 of 2nd period - Off-side.
14:54 of 2nd period - Brendan Gaunce wins face-off versus Joe Thornton in neutral zone.
15:27 of 2nd period - Matt Donovan is hit by Colton Sceviour and loses puck.
15:37 of 2nd period - Icing by Matt Donovan.
15:38 of 2nd period - Joe Thornton wins face-off versus Jean-Sébastien Dea in Wolf Pack zone.
16:44 of 2nd period - Shot by Luke Witkowski.
16:44 of 2nd period - Stopped by Christopher Gibson with a rebound.
16:54 of 2nd period - Shot by Luke Witkowski.
16:54 of 2nd period - Stopped by Christopher Gibson without a rebound.
16:55 of 2nd period - Riley Sheahan wins face-off versus Nick Lappin in IceHogs zone.
16:55 of 2nd period - Riley Sheahan is hit by Shane Bowers.
17:47 of 2nd period - Shot by Brendan Gaunce.
17:47 of 2nd period - Deflect By Andrew Sturtz.
17:47 of 2nd period - Shot Blocked by Tyler Wotherspoon.
17:49 of 2nd period - Shot by Colton Sceviour.
17:49 of 2nd period - Deflect By Andrew Sturtz.
17:49 of 2nd period - Shot Misses the Net.
17:51 of 2nd period - Shot by Andrew Sturtz.
17:51 of 2nd period - Shot Misses the Net.
17:53 of 2nd period - Shot by Andrew Sturtz.
17:53 of 2nd period - Shot Misses the Net.
17:55 of 2nd period - Shot by Andrew Sturtz.
17:55 of 2nd period - Stopped by Dillon Kelley without a rebound.
17:56 of 2nd period - Ben Holmstrom wins face-off versus Brendan Gaunce in Wolf Pack zone.
18:05 of 2nd period - Shot by Colton Sceviour.
18:05 of 2nd period - Stopped by Dillon Kelley without a rebound.
18:06 of 2nd period - Joe Thornton wins face-off versus Mikhail Vorobyov in Wolf Pack zone.
18:25 of 2nd period - Shot by Cole Bardreau.
18:25 of 2nd period - Stopped by Christopher Gibson with a rebound.
19:05 of 2nd period - Shot by Brendan Gaunce.
19:05 of 2nd period - Stopped by Dillon Kelley without a rebound.
19:06 of 2nd period - Riley Sheahan wins face-off versus Ben Holmstrom in Wolf Pack zone.
19:07 of 2nd period - Shot by William Carrier.
19:07 of 2nd period - Stopped by Dillon Kelley without a rebound.
19:08 of 2nd period - Ben Holmstrom wins face-off versus Riley Sheahan in Wolf Pack zone.
19:10 of 2nd period - Icing by Emile Poirier.
19:11 of 2nd period - Riley Sheahan wins face-off versus Ben Holmstrom in Wolf Pack zone.
19:11 of 2nd period - Charles Hudon is hit by Seth Helgeson and loses puck.
19:24 of 2nd period - Ben Holmstrom is hit by Erik Cernak and loses puck.
19:32 of 2nd period - Charles Hudon is hit by Emile Poirier and loses puck.
19:52 of 2nd period - Icing by Erik Cernak.
19:53 of 2nd period - Riley Sheahan wins face-off versus Zac Dalpe in IceHogs zone.
Goals for this period are 0 for Wolf Pack vs 2 for IceHogs.
Shots for this period are 14 for Wolf Pack vs 11 for IceHogs.

3rd period


0:01 of 3rd period - Vasili Podkolzin wins face-off versus Danny O'Regan in neutral zone.
0:41 of 3rd period - Off-side.
0:42 of 3rd period - Ben Holmstrom wins face-off versus Riley Sheahan in neutral zone.
0:57 of 3rd period - Jack Dougherty is hit by Emile Poirier and loses puck.
1:07 of 3rd period - Shot by Riley Sheahan.
1:07 of 3rd period - Stopped by Dillon Kelley with a rebound.
1:09 of 3rd period - Shot by William Carrier.
1:09 of 3rd period - Shot Misses the Net.
1:11 of 3rd period - Shot by Charles Hudon.
1:11 of 3rd period - Deflect By Riley Sheahan.
1:11 of 3rd period - Stopped by Dillon Kelley without a rebound.
1:12 of 3rd period - Joe Thornton wins face-off versus Brendan Gaunce in Wolf Pack zone.
1:39 of 3rd period - Shot by Andrew Sturtz.
1:39 of 3rd period - Shot Misses the Net.
1:41 of 3rd period - Shot by Dennis Cholowski.
1:41 of 3rd period - Shot Misses the Net.
2:15 of 3rd period - Icing by Matt Donovan.
2:16 of 3rd period - Zac Dalpe wins face-off versus Riley Sheahan in Wolf Pack zone.
3:08 of 3rd period - Icing by Seth Helgeson.
3:09 of 3rd period - Ben Holmstrom wins face-off versus Jean-Sébastien Dea in Wolf Pack zone.
3:11 of 3rd period - Daniel Walcott is hit by Cedric Paquette and loses puck.
3:15 of 3rd period - Daniel Walcott is hit by Jean-Sébastien Dea and loses puck.
3:37 of 3rd period - Shot by Ben Holmstrom.
3:37 of 3rd period - Stopped by Christopher Gibson without a rebound.
3:38 of 3rd period - Brendan Gaunce wins face-off versus Cole Bardreau in IceHogs zone.
3:53 of 3rd period - Shot by Joe Thornton.
3:53 of 3rd period - Stopped by Christopher Gibson without a rebound.
3:54 of 3rd period - Mikhail Vorobyov wins face-off versus Zac Dalpe in IceHogs zone.
3:54 of 3rd period - Mikhail Vorobyov is hit by Vasili Podkolzin.
4:08 of 3rd period - Jack Dougherty is hit by Brad Richardson and loses puck.
4:13 of 3rd period - Shot by Vasili Podkolzin.
4:13 of 3rd period - Stopped by Christopher Gibson with a rebound.
4:17 of 3rd period - Shot by Vasili Podkolzin.
4:17 of 3rd period - Deflect By Zac Dalpe .
4:17 of 3rd period - Stopped by Christopher Gibson with a rebound.
4:19 of 3rd period - Shot by Zac Dalpe .
4:19 of 3rd period - Stopped by Christopher Gibson with a rebound.
4:21 of 3rd period - Shot by Zac Dalpe .
4:21 of 3rd period - Stopped by Christopher Gibson with a rebound.
4:23 of 3rd period - Shot by Tyler Wotherspoon.
4:23 of 3rd period - Shot Misses the Net.
4:25 of 3rd period - Shot by Brad Richardson.
4:25 of 3rd period - Shot Blocked by Dennis Cholowski.
4:55 of 3rd period - Riley Sheahan is hit by Luke Witkowski and loses puck.
5:07 of 3rd period - Erik Cernak and Seth Helgeson fight to a draw.
5:07 of 3rd period - Penalty to Erik Cernak for Fighting.
5:07 of 3rd period - Penalty to Seth Helgeson for Fighting.
5:08 of 3rd period - Joe Thornton wins face-off versus Brendan Gaunce in IceHogs zone.
5:11 of 3rd period - Shot by Jeremy Bracco.
5:11 of 3rd period - Shot Blocked by Mark Alt.
5:26 of 3rd period - Brendan Gaunce is hit by Michael Kapla.
5:28 of 3rd period - Shot by Andrew Sturtz.
5:28 of 3rd period - Shot Misses the Net.
5:30 of 3rd period - Shot by Andrew Sturtz.
5:30 of 3rd period - Stopped by Dillon Kelley without a rebound.
5:31 of 3rd period - Riley Sheahan wins face-off versus Ben Holmstrom in Wolf Pack zone.
5:52 of 3rd period - Shot by William Carrier.
5:52 of 3rd period - Stopped by Dillon Kelley with a rebound.
5:54 of 3rd period - Shot by Brandon Hickey.
5:54 of 3rd period - Shot Misses the Net.
5:56 of 3rd period - Shot by Brandon Hickey.
5:56 of 3rd period - Stopped by Dillon Kelley without a rebound.
5:57 of 3rd period - Zac Dalpe wins face-off versus Jean-Sébastien Dea in Wolf Pack zone.
5:57 of 3rd period - Zac Dalpe is hit by Cedric Paquette.
6:10 of 3rd period - Minor Penalty to Brad Richardson for Tripping.
6:11 of 3rd period - Vasili Podkolzin wins face-off versus Charles Hudon in Wolf Pack zone.
6:41 of 3rd period - Shot by William Carrier.
6:41 of 3rd period - Shot Blocked by Matt Donovan.
6:58 of 3rd period - Icing by Dennis Cholowski.
6:59 of 3rd period - Cole Bardreau wins face-off versus Jean-Sébastien Dea in IceHogs zone.
7:26 of 3rd period - Shot by Dennis Cholowski.
7:26 of 3rd period - Shot Misses the Net.
7:57 of 3rd period - Icing by Jack Dougherty.
7:58 of 3rd period - Vasili Podkolzin wins face-off versus Jean-Sébastien Dea in IceHogs zone.
8:29 of 3rd period - Shot by Riley Sheahan.
8:29 of 3rd period - Shot Misses the Net.
8:31 of 3rd period - Shot by Charles Hudon.
8:31 of 3rd period - Stopped by Dillon Kelley with a rebound.
8:33 of 3rd period - Shot by Riley Sheahan.
8:33 of 3rd period - Stopped by Dillon Kelley without a rebound.
8:34 of 3rd period - Brendan Gaunce wins face-off versus Ben Holmstrom in Wolf Pack zone.
8:51 of 3rd period - Shot by Andrew Sturtz.
8:51 of 3rd period - Stopped by Dillon Kelley without a rebound.
8:52 of 3rd period - Zac Dalpe wins face-off versus Riley Sheahan in Wolf Pack zone.
9:01 of 3rd period - Shot by Charles Hudon.
9:01 of 3rd period - Stopped by Dillon Kelley without a rebound.
9:02 of 3rd period - Zac Dalpe wins face-off versus Brendan Gaunce in Wolf Pack zone.
10:21 of 3rd period - Shot by Danny O'Regan.
10:21 of 3rd period - Shot Blocked by Emile Poirier.
11:01 of 3rd period - Icing by Charles Hudon.
11:02 of 3rd period - Riley Sheahan wins face-off versus Joe Thornton in IceHogs zone.
11:30 of 3rd period - Shot by Cole Bardreau.
11:30 of 3rd period - Shot Misses the Net.
11:32 of 3rd period - Shot by Joe Thornton.
11:32 of 3rd period - Goal by Joe Thornton - Wolf Pack : 3 - IceHogs : 4.
11:33 of 3rd period - Brendan Gaunce wins face-off versus Nick Lappin in neutral zone.
11:49 of 3rd period - Shot by Colton Sceviour.
11:49 of 3rd period - Stopped by Dillon Kelley without a rebound.
11:50 of 3rd period - Riley Sheahan wins face-off versus Zac Dalpe in Wolf Pack zone.
11:51 of 3rd period - Shot by Charles Hudon.
11:51 of 3rd period - Shot Misses the Net.
12:44 of 3rd period - Shot by Jean-Sébastien Dea.
12:44 of 3rd period - Stopped by Dillon Kelley without a rebound.
12:45 of 3rd period - Brendan Gaunce wins face-off versus Ben Holmstrom in Wolf Pack zone.
13:04 of 3rd period - Shot by Brendan Gaunce.
13:04 of 3rd period - Shot Blocked by Matt Donovan.
13:06 of 3rd period - Shot by Colton Sceviour.
13:06 of 3rd period - Shot Blocked by Matt Donovan.
13:20 of 3rd period - Shot by Andrew Sturtz.
13:20 of 3rd period - Stopped by Dillon Kelley without a rebound.
13:21 of 3rd period - Jean-Sébastien Dea wins face-off versus Joe Thornton in Wolf Pack zone.
13:32 of 3rd period - Shot by Jean-Sébastien Dea.
13:32 of 3rd period - Deflect By Danny O'Regan.
13:32 of 3rd period - Shot Misses the Net.
13:38 of 3rd period - Cedric Paquette is hit by Cole Bardreau.
13:46 of 3rd period - Brandon Hickey is hit by Cole Bardreau and loses puck.
16:32 of 3rd period - Icing by Matt Donovan.
16:33 of 3rd period - Riley Sheahan wins face-off versus Zac Dalpe in Wolf Pack zone.
16:34 of 3rd period - Shot by Mark Alt.
16:34 of 3rd period - Stopped by Dillon Kelley with a rebound.
16:40 of 3rd period - Shot by Vasili Podkolzin.
16:40 of 3rd period - Stopped by Christopher Gibson without a rebound.
16:41 of 3rd period - Jean-Sébastien Dea wins face-off versus Ben Holmstrom in IceHogs zone.
16:41 of 3rd period - Jean-Sébastien Dea is hit by Luke Witkowski.
16:44 of 3rd period - Danny O'Regan is hit by Luke Witkowski and loses puck.
17:13 of 3rd period - Cedric Paquette is hit by Luke Witkowski.
17:19 of 3rd period - Shot by Danny O'Regan.
17:19 of 3rd period - Stopped by Dillon Kelley with a rebound.
17:21 of 3rd period - Shot by Cedric Paquette.
17:21 of 3rd period - Shot Misses the Net.
17:33 of 3rd period - Shot by Charles Hudon.
17:33 of 3rd period - Shot Misses the Net.
18:04 of 3rd period - Shot by Cole Bardreau.
18:04 of 3rd period - Deflect By Joe Thornton.
18:04 of 3rd period - Shot Misses the Net.
18:12 of 3rd period - Shot by Jeremy Bracco.
18:12 of 3rd period - Stopped by Christopher Gibson without a rebound.
18:13 of 3rd period - Zac Dalpe wins face-off versus Mikhail Vorobyov in IceHogs zone.
19:02 of 3rd period - Wolf Pack, Dillon Kelley is pulled from the net.
19:04 of 3rd period - Shot by Jeremy Bracco.
19:04 of 3rd period - Shot Blocked by Mark Alt.
19:06 of 3rd period - Shot by Joe Thornton.
19:06 of 3rd period - Deflect By Jeremy Bracco.
19:06 of 3rd period - Stopped by Christopher Gibson with a rebound.
19:14 of 3rd period - Shot by Cole Bardreau.
19:14 of 3rd period - Shot Misses the Net.
19:16 of 3rd period - Shot by Jeremy Bracco.
19:16 of 3rd period - Stopped by Christopher Gibson without a rebound.
19:17 of 3rd period - Brandon Gignac wins face-off versus Zac Dalpe in IceHogs zone.
19:46 of 3rd period - Shot by Brandon Hickey.
19:46 of 3rd period - Shot Misses the Net.
19:48 of 3rd period - Shot by Erik Cernak.
19:48 of 3rd period - Goal by Erik Cernak - Wolf Pack : 3 - IceHogs : 5.
19:48 of 3rd period - Dillon Kelley from Wolf Pack was sent back in the game.
19:49 of 3rd period - Joe Thornton wins face-off versus Riley Sheahan in neutral zone.
Goals for this period are 1 for Wolf Pack vs 1 for IceHogs.
Shots for this period are 11 for Wolf Pack vs 15 for IceHogs.